 Dungeon Sprint DCSS version 0.29-a0-337-g68df138881 (webtiles) character file.

Game seed: 7762407843634596615

2284 mhtbhm the Spear-Bearer (level 9, -4/138 HPs)
             Began as a Yellow Draconian Berserker on Apr 16, 2022.
             Was a High Priest of Trog.
             Slain by a sixfirhy (11 damage)
             ... summoned by a kobold demonologist
             ... in the Dungeon (Sprint IX: "|||||||||||||||||||||||||||||").
             The game lasted 00:01:38 (365 turns).

mhtbhm the Spear-Bearer (Yellow Draconian Berserker) Turns: 365, Time: 00:01:38

Health: -4/138     AC: 16    Str: 24    XL:     9   Next: 17%
Magic:  9/9        EV: 15    Int: 14    God:    Trog [*****.]
Gold:   0          SH:  0    Dex: 10    Spells: 8/8 levels left

rFire   . . .      SeeInvis .   a - +2 halberd (protect)
rCold   . . .      Faith    .   (shield currently unavailable)
rNeg    . . .      Spirit   .   (body armour unavailable)
rPois   .          Reflect  .   (helmet restricted)
rElec   .          Harm     .   (no cloak)
rCorr   +          Rampage  .   j - +0 pair of gloves
Will    .....      NoTele   +   k - +0 pair of boots
Stlth   ..........              (no amulet)
HPRegen 0.33/turn               l - +3 ring of intelligence
MPRegen 0.11/turn               m - +3 ring of intelligence

@: berserking, short of breath, under a protective aura, hasted, very quick
A: spit acid, AC +7, unfitting armour, cold-blooded, acid resistance
a: Breathe Acid, Renounce Religion, Berserk, Trog's Hand, Brothers in Arms


You were in the Dungeon.
You worshipped Trog.
Trog was extremely pleased with you.
You visited 1 branch

Inventory:

Hand Weapons
 a - a +2 halberd of protection (weapon)
Armour
 j - a +0 pair of gloves (worn)
 k - a +0 pair of boots (worn)
Jewellery
 l - a +3 ring of intelligence (left hand)
 m - a +3 ring of intelligence (right hand)
Wands
 i - a wand of iceblast (4)
Scrolls
 g - a scroll of blinking
Potions
 b - 5 potions of curing
 c - 3 potions of heal wounds
 e - 4 potions of magic
 f - a potion of berserk rage
 h - a potion of invisibility


   Skills:
 + Level 12.8 Fighting
 + Level 14.4 Polearms
 + Level 10.1 Dodging
 + Level 0.4 Stealth
 + Level 1.3 Evocations


You had 8 spell levels left.
You didn't know any spells.
Your spell library was empty.

Dungeon Overview and Level Annotations

Branches:
Dungeon (1/1)

Altars:
Cheibriados
Dithmenos
Elyvilon
Fedhas
Gozag
Hepliaklqana
Kikubaaqudgha
Makhleb
Nemelex Xobeh
Okawaru
Qazlal
Ru
Sif Muna
Trog
Uskayaw
Vehumet
Wu Jian
Xom
Yredelemnul
Zin
The Shining One
Beogh
Jiyva
Lugonu


Innate Abilities, Weirdness & Mutations

You can spit globs of acid.
Your golden yellow scales are hard. (AC +7)
You cannot fit into any form of body armour.
You are cold-blooded and may be slowed by cold attacks.
You are resistant to acid. (rCorr)


Message History

Unknown command.
A red film seems to cover your vision as you go berserk!
You feel yourself moving faster!
You feel mighty!
You closely miss the sixfirhy.
The kobold demonologist gestures wildly while chanting.
You closely miss the sixfirhy. You completely miss the sixfirhy.
The sixfirhy closely misses you.
The kobold demonologist mumbles some strange words.
The sixfirhy hits you! The sixfirhy shocks you!
* * * LOW HITPOINT WARNING * * *
You impale the sixfirhy!!
Your weapon exudes an aura of protection.
The sixfirhy is severely wounded.
The sixfirhy hits you but does no damage.
The sixfirhy hits you.
* * * LOW HITPOINT WARNING * * *
The sixfirhy shocks you!
* * * LOW HITPOINT WARNING * * *
Unknown command.
Reach: a) +2 halberd (protect)
Press: ? - help, Dir - move target, f - kobold demonologist
Aim: a kobold demonologist, wielding a +0 dagger and wearing a +0 robe (about 42% to evade your +2 halberd of protection)
You reach to attack!
You impale the kobold demonologist!!
The kobold demonologist is heavily wounded.
The sixfirhy misses you. The sixfirhy hits you.
* * * LOW HITPOINT WARNING * * *
The sixfirhy shocks you!
* * * LOW HITPOINT WARNING * * *
Unknown command.
Unknown command.
Reach: a) +2 halberd (protect)
Press: ? - help, Dir - move target, f/p - kobold demonologist
Aim: a kobold demonologist, wielding a +0 dagger and wearing a +0 robe (heavily wounded, about 42% to evade your +2 halberd of protection)
The sixfirhy is in the way.
You completely miss the sixfirhy.
The sixfirhy is severely wounded.
The sixfirhy hits you but does no damage.
The sixfirhy hits you.
* * * LOW HITPOINT WARNING * * *
The sixfirhy shocks you!
You die... ▓▓▓▓▓▓▓▓▓▓▓▓▓▓▓▓▓▓▓▓▓▓▓▓▓▓▓▓▓▓▓▓▓ KT).cc..)'[.ccK3@?.'_____________ ▓▓▓▓▓▓▓▓▓▓▓▓▓▓▓▓▓▓▓▓▓▓▓▓▓▓▓▓▓▓▓▓▓

You could see 2 centaur warriors, a kobold demonologist and a sixfirhy (summoned).

Vanquished Creatures
  A hydra (D)
  A deep elf pyromancer (D)
  A kobold demonologist (D)
  A troll (D)
  A wyvern (D)
  A yak (D)
  A vampire (D)
  A vampire mosquito (D)
  A water moccasin (D)
  A black bear (D)
  An orc priest (D)
  2 adders (D)
  A worm (D)
  A goblin (D)
  A hobgoblin (D)
  2 bats (D)
  A rat (D)
19 creatures vanquished.

Notes
Turn   | Place    | Note
-------+----------+-------------------------------------------
     0 | D        | mhtbhm the Draconian Berserker began the quest for the Orb.
     0 | D        | Reached XP level 1. HP: 19/19 MP: 1/1
    10 | D        | Reached ** piety under Trog
    22 | D        | Noticed a water moccasin
    22 | D        | Noticed a black bear
    26 | D        | Reached skill level 4 in Polearms
    26 | D        | Reached XP level 2. HP: 28/28 MP: 2/2
    27 | D        | Killed a black bear
    27 | D        | Reached *** piety under Trog
    28 | D        | Reached skill level 6 in Polearms
    28 | D        | Reached skill level 5 in Dodging
    28 | D        | Reached XP level 3. HP: 38/38 MP: 3/3
    28 | D        | Reached XP level 4. HP: 45/45 MP: 4/4
    37 | D        | Killed a water moccasin
    38 | D        | Reached skill level 7 in Polearms
    38 | D        | Reached XP level 5. HP: 53/53 MP: 5/5
    47 | D        | Found a snail-covered altar of Cheibriados.
    47 | D        | Found a shadowy altar of Dithmenos.
    47 | D        | Found a white marble altar of Elyvilon.
    47 | D        | Found a blossoming altar of Fedhas.
    47 | D        | Found an opulent altar of Gozag.
    48 | D        | Found a hazy altar of Hepliaklqana.
    49 | D        | Found a viscous altar of Jiyva.
    50 | D        | Found an ancient bone altar of Kikubaaqudgha.
    51 | D        | Found a corrupted altar of Lugonu.
    52 | D        | Found a burning altar of Makhleb.
    53 | D        | Found a sparkling altar of Nemelex Xobeh.
    54 | D        | Found an iron altar of Okawaru.
    55 | D        | Found a stormy altar of Qazlal.
    56 | D        | Found a sacrificial altar of Ru.
    57 | D        | Found a shimmering blue altar of Sif Muna.
    58 | D        | Found a bloodstained altar of Trog.
    59 | D        | Found a hide-covered altar of Uskayaw.
    60 | D        | Found a radiant altar of Vehumet.
    61 | D        | Found an ornate altar of the Wu Jian Council.
    62 | D        | Found a shimmering altar of Xom.
    63 | D        | Found a basalt altar of Yredelemnul.
    64 | D        | Found a glowing silver altar of Zin.
    65 | D        | Found a glowing golden altar of the Shining One.
   173 | D        | Noticed a vampire mosquito
   173 | D        | Noticed a kobold demonologist
   173 | D        | Noticed a wyvern
   173 | D        | Noticed a yak
   173 | D        | Noticed a vampire
   178 | D        | Killed a vampire
   178 | D        | Reached **** piety under Trog
   179 | D        | Reached skill level 9 in Polearms
   179 | D        | Reached XP level 6. HP: 63/63 MP: 6/6
   182 | D        | Killed a yak
   183 | D        | Reached skill level 10 in Fighting
   184 | D        | Reached skill level 10 in Polearms
   184 | D        | Your scales start taking on a golden yellow colour.
   184 | D        | Reached XP level 7. HP: 72/72 MP: 7/7
   184 | D        | Gained mutation: You are resistant to acid. (rCorr) [Yellow
                  | Draconian growth]
   184 | D        | Noticed an ice devil
   185 | D        | Killed a wyvern
   185 | D        | Reached ***** piety under Trog
   188 | D        | Noticed a neqoxec
   190 | D        | Noticed an orange demon
   206 | D        | Killed a kobold demonologist
   207 | D        | Reached skill level 11 in Polearms
   215 | D        | Killed a vampire mosquito
   216 | D        | Reached XP level 8. HP: 64/82 MP: 8/8
   288 | D        | Noticed a centaur warrior
   288 | D        | Noticed a centaur warrior
   288 | D        | Noticed a kobold demonologist
   288 | D        | Noticed an eight-headed hydra
   288 | D        | Noticed a troll
   288 | D        | Noticed a deep elf pyromancer
   293 | D        | Killed a deep elf pyromancer
   294 | D        | Reached skill level 13 in Polearms
   353 | D        | Killed a 14-headed hydra
   354 | D        | Reached skill level 14 in Polearms
   354 | D        | Reached skill level 1 in Evocations
   354 | D        | Reached XP level 9. HP: 36/92 MP: 9/9
   356 | D        | Killed a troll
   357 | D        | Reached skill level 10 in Dodging
   359 | D        | Noticed a sixfirhy
   365 | D        | Slain by a sixfirhy

Illustrated notes

Levels and vault maps discovered:
D:        linesprint [early_d, line_temple, items_1, d_10, items_2, lair_1,
          lair_end, items_3, orc_1, orc_end, items_4, d_15, swamp_1, shoals_1,
          snake_1, spider_1, d_20, vaults_1, items_5, swamp_end, shoals_end,
          snake_end, spider_end, vaults_end, d_27, items_6, zot_1, zot_end,
          crypt_end, forest_end, elf_end, slime_end, tomb_end, abyss_end,
          pan_hell_end]

Skill      XL: |  1  2  3  4  5  6  7  8  9 |
---------------+----------------------------+-----
Dodging        | 3 5 6 7 8 9 10 | 10.1
Fighting       | 4 6 8 9 10 11 12 | 12.8
Polearms       | 4 6 7 9 10 11 14 | 14.4
Evocations     | 1 |  1.3
Stealth        | |  0.4

Action                   |  1- 3 |  4- 6 |  7- 9 || total
-------------------------+-------+-------+-------++-------
Melee: Spear             |    15 |    13 |       ||    28
       Tailslap          |     2 |     3 |     5 ||    10
       Halberd           |       |     9 |    48 ||    57
Invok: Berserk           |     1 |     1 |     2 ||     4
       Brothers in Arms  |       |       |     1 ||     1
 Abil: Breathe Acid      |       |       |     1 ||     1
Evoke: Wand              |       |       |     6 ||     6
  Use: Scroll            |       |       |     1 ||     1
       Potion            |       |       |     1 ||     1
Armor: Skin              |     3 |     3 |    28 ||    34
Dodge: Dodged            |     8 |     2 |    26 ||    36

Table legend: (Time is in decaauts)
 A = Elapsed time spent in this place.
 B = Non-inter-level travel time spent in this place.
 C = Inter-level travel time spent in this place.
 D = Time resting spent in this place.
 E = Time spent auto-exploring this place.
 F = Levels seen in this place.
 G = Mean time per level.
                   A        B        C        D        E       F      G
               +--------+--------+--------+--------+--------+-----+--------+
         Total |    376 |    376 |      0 |    182 |      3 |   1 |  376.0 |
       Dungeon |    376 |    376 |      0 |    182 |      3 |   1 |  376.0 |
               +--------+--------+--------+--------+--------+-----+--------+

Top non-repeatable levels by time:
       D: 376 daAuts
